Map: At Eternity's Edge LE

Players

liquidclem (Clem)

  • Race: Terran Terran
  • League: Grandmaster
  • Spawn Location: 11:00

Reynor - Winner!

  • Race: Zerg Zerg
  • League: Master
  • Spawn Location: 5:00

Event: HomeStory Cup XXIX

VOD

Have the link to the VOD?

Description

Time

  • Played on: July 5, 2026, 1:31 p.m.
  • Length: 14:09

All games in this series

Show
View Real Time Build Order
Export as new Build Order

liquidclem Terran 

Build Orders: Reaper Expand, Hellion Banshee 

Get SALT Encoding   

  8  0:00  SCV  
  9  0:12  SCV  
  10  0:24  SCV  
  10  0:27  Supply Depot  
  11  0:36  SCV  
  12  0:48  SCV  
  13  0:52  Barracks  
  13  1:00  SCV  
  14  1:05  Refinery  
  14  1:12  SCV  
  15  1:24  SCV  
  16  1:39  Orbital Command  
  16  1:47  Reaper  
  17  2:04  Command Center  
  17  2:07  SCV  
  18  2:19  SCV  
  18  2:21  Marine  
  20  2:23  Supply Depot  
  20  2:31  SCV  
  20  2:33  Factory  
  21  2:39  Refinery  
  21  2:42  Barracks Reactor  
  21  2:45  SCV  
  22  2:57  SCV  
  23  3:09  SCV  
  24  3:16  Orbital Command  
  24  3:18  Starport  
  24  3:22  SCV  
  24  3:25  Hellion  
  27  3:27  Hellion  
  27  3:31  Barracks Tech Lab  
  29  3:34  SCV  
  30  3:42  SCV  
  30  3:44  Supply Depot  
  30  3:46  SCV  
  32  3:51  Hellion  
  32  3:55  Hellion  
  36  3:59  SCV  
  37  4:03  Banshee  
  37  4:04  Cloaking Field  
  37  4:08  SCV  
  41  4:11  Supply Depot  
  41  4:13  SCV  
  42  4:20  Hellion  
  42  4:21  SCV  
  47  4:24  Hellion  
  47  4:26  SCV  
  48  4:32  Barracks Tech Lab  
  48  4:34  SCV, Supply Depot  
  48  4:38  SCV  
  50  4:46  SCV  
  50  4:49  Banshee  
  50  4:51  SCV  
  55  4:56  Command Center  
  55  4:58  SCV  
  56  5:03  SCV  
  57  5:08  Barracks  
  57  5:10  Barracks, SCV  
  57  5:13  Factory Reactor  
  58  5:15  SCV  
  58  5:17  Supply Depot  
  58  5:18  Marine  
  60  5:23  SCV  
  60  5:27  Engineering Bay  
  60  5:28  SCV  
  62  5:30  Engineering Bay  
  62  5:35  SCV  
  63  5:36  Marine  
  63  5:40  SCV  
  63  5:42  Supply Depot  
  63  5:45  Stimpack  
  63  5:47  SCV  
  63  5:49  Refinery x2  
  64  5:52  SCV  
  64  5:55  Starport Reactor  
  65  5:57  Terran Infantry Weapons Level 1, Terran Infantry Armor Level 1  
  65  5:58  Factory Reactor  
  65  5:59  SCV, Marine  
  65  6:00  Marine  
  65  6:03  Marine  
  69  6:04  SCV  
  69  6:09  Supply Depot  
  69  6:10  Marine x2  
  73  6:11  SCV  
  73  6:16  SCV  
  74  6:18  Marine  
  74  6:19  Marine  
  74  6:21  Marine  
  74  6:23  SCV  
  78  6:28  SCV  
  78  6:29  Marine  
  78  6:30  Marine, Supply Depot  
  81  6:33  Medivac x2  
  81  6:35  SCV  
  81  6:36  Orbital Command  
  86  6:40  SCV  
  86  6:42  Widow Mine x2  
  86  6:46  Marine  
  92  6:47  Marine, SCV  
  92  6:52  Marine x3  
  92  6:53  SCV  
  98  6:59  SCV  
  98  7:00  Supply Depot  
  99  7:03  SCV  
  99  7:04  Marine  
  99  7:05  SCV  
  99  7:06  Widow Mine  
  99  7:07  Widow Mine  
  106  7:11  SCV  
  106  7:12  Medivac  
  106  7:13  Medivac  
  111  7:17  Supply Depot  
  111  7:22  Marine, SCV x2  
  114  7:24  SCV  
  114  7:25  Barracks  
  114  7:26  Barracks  
  115  7:30  Supply Depot  
  119  7:37  Supply Depot  
  119  7:38  Armory  
  119  7:39  Marine x2, SCV  
  119  7:40  Marine  
  119  7:41  Hellion  
  119  7:42  Hellion  
  123  7:45  Marine x2  
  123  7:47  Supply Depot  
  123  7:50  Supply Depot  
  125  7:54  SCV, Factory  
  125  7:55  Refinery  
  126  7:58  Marine x2  
  126  8:01  Medivac  
  126  8:02  Medivac, Supply Depot  
  126  8:04  Widow Mine  
  134  8:08  Combat Shield  
  134  8:09  Marine  
  134  8:10  Marine  
  134  8:11  Marine  
  139  8:14  SCV  
  139  8:16  SCV  
  139  8:18  Barracks Tech Lab, Marine  
  142  8:20  Barracks Reactor  
  142  8:26  Hellion x2  
  144  8:30  Terran Infantry Weapons Level 2, Terran Infantry Armor Level 2  
  144  8:31  Marine, SCV  
  146  8:35  Marine  
  146  8:38  SCV  
  146  8:46  SCV  
  146  8:48  Widow Mine  
  139  8:49  Widow Mine  
  139  8:50  Marine x2  
  139  8:51  SCV  
  139  8:53  Marine  
  139  8:55  Widow Mine  
  146  8:58  SCV, Missile Turret  
  146  8:59  Marine x5, Missile Turret  
  151  9:03  SCV  
  151  9:07  Marine  
  151  9:08  Marine  
  151  9:09  Medivac x2, Widow Mine  
  156  9:11  Marine  
  156  9:16  Marine x2  
  156  9:17  Factory Tech Lab, Marine x2  
  154  9:18  Widow Mine  
  160  9:25  Marine  
  160  9:26  Command Center  
  160  9:30  Supply Depot, Marine x2  
  163  9:32  Marine  
  163  9:34  Marine  
  164  9:41  Widow Mine  
  164  9:42  Widow Mine  
  167  9:49  Marine  
  167  9:50  Supply Depot, Medivac  
  167  9:51  Thor, Medivac  
  173  9:54  Marauder  
  173  9:55  Marine  
  173  9:56  Marauder  
  173  9:57  Marine  
  173  9:59  Marine x2  
  178  10:00  Marine  
  178  10:02  Widow Mine  
  178  10:03  SCV  
  182  10:07  Marine, Supply Depot  
  182  10:12  Widow Mine, SCV  
  186  10:16  Marine  
  186  10:17  Marauder x2  
  186  10:18  Terran Vehicle Weapons Level 1  
  191  10:23  Supply Depot  
  191  10:29  Marine x4, SCV x2, Widow Mine  
  191  10:33  Widow Mine  
  191  10:34  Widow Mine  
  197  10:41  Marine x2  
  197  10:42  Marine  
  177  10:43  Marine, Medivac  
  177  10:48  Marine  
  177  10:49  SCV  
  174  10:51  Widow Mine, SCV x2  
  174  10:52  Orbital Command  
  174  10:54  Widow Mine  
  174  10:55  Marine  
  157  10:57  Marine x2  
  157  11:01  SCV  
  157  11:03  SCV  
  157  11:04  SCV, Factory Reactor  
  154  11:13  Terran Infantry Weapons Level 3  
  154  11:14  Marine  
  154  11:15  SCV  
  154  11:16  SCV, Terran Infantry Armor Level 3  
  158  11:22  SCV, Widow Mine  
  158  11:24  Missile Turret x2  
  160  11:27  SCV  
  160  11:28  SCV, Widow Mine  
  160  11:31  Marine  
  160  11:32  Marine x2  
  165  11:33  Marine  
  165  11:34  SCV  
  165  11:37  Marine  
  165  11:39  SCV  
  171  11:40  Marine x2, SCV  
  171  11:42  Widow Mine x2  
  171  11:46  SCV  
  181  11:48  Marine  
  181  11:49  Marine  
  181  11:52  Marine  
  181  11:53  SCV  
  183  11:55  Medivac  
  183  11:58  Marauder  
  183  12:00  Marine  
  186  12:02  SCV  
  186  12:03  Orbital Command  
  186  12:05  Widow Mine, Marine  
  186  12:06  Marauder, Marine  
  179  12:13  Marine x2  
  169  12:16  SCV  
  169  12:19  Marauder  
  169  12:21  Marine, Widow Mine, SCV  
  172  12:23  Marine  
  172  12:24  Marine  
  172  12:27  Marauder  
  172  12:28  SCV  
  176  12:30  Missile Turret  
  176  12:31  Marine x3  
  176  12:35  Planetary Fortress  
  176  12:36  SCV  
  180  12:38  SCV, Marine  
  180  12:40  Starport  
  180  12:41  Marauder, Marine, Widow Mine  
  180  12:42  SCV, Marine  
  174  12:49  Marine x3, Marauder, Widow Mine  
  174  12:50  SCV  
  182  12:56  Marine, SCV  
  182  12:57  SCV  
  170  13:00  Marine  
  170  13:02  Marine, SCV  
  170  13:05  Missile Turret  
  172  13:06  Marine, Barracks  
  172  13:09  Marine  
  172  13:10  Marauder, Barracks  
  174  13:14  Marine  
  174  13:15  Thor  
  174  13:17  SCV  
  174  13:18  Marine  
  174  13:19  Marine  
  183  13:20  Widow Mine  
  183  13:24  Marine  
  183  13:26  SCV  
  175  13:27  Marine  
  175  13:31  Marine  
  175  13:32  Marine, Starport Reactor  
  177  13:36  Marine, Refinery x2, Barracks  
  177  13:37  Marine  
  177  13:40  Command Center  
  174  13:42  Marine  
  174  13:45  Marine  
  174  13:46  Widow Mine  
  174  13:48  SCV  
  170  13:49  Marine  
  170  13:50  Marine  
Show
View Real Time Build Order
Export as new Build Order

Reynor Zerg - Winner!

Build Orders: Hatch First 

Get SALT Encoding   

  8  0:00  Drone  
  9  0:10  Drone  
  10  0:16  Drone  
  11  0:22  Drone  
  12  0:28  Extractor  
  12  0:29  Drone  
  13  0:38  Overlord  
  13  0:56  Drone x2  
  15  1:10  Hatchery  
  14  1:14  Drone  
  16  1:18  Drone  
  16  1:22  Drone  
  17  1:36  Spawning Pool  
  17  1:38  Drone  
  17  1:41  Extractor  
  17  1:43  Drone  
  17  1:50  Drone  
  18  1:59  Drone  
  19  2:09  Overlord  
  19  2:23  Queen x2  
  19  2:25  Zergling x2  
  19  2:27  Zergling x2  
  25  2:30  Zergling x2  
  25  2:33  Drone  
  27  2:40  Drone  
  27  2:42  Drone  
  29  2:49  Overlord  
  29  2:53  Drone  
  28  3:02  Drone x2  
  30  3:07  Queen  
  30  3:09  Drone  
  30  3:10  Metabolic Boost  
  33  3:14  Drone  
  33  3:19  Drone  
  35  3:30  Hatchery  
  35  3:33  Drone  
  35  3:35  Drone  
  35  3:36  Drone  
  35  3:40  Overlord  
  37  3:46  Drone x2  
  39  3:55  Overlord  
  39  3:58  Queen, Drone x2  
  43  4:04  Queen  
  43  4:06  Zergling x2  
  46  4:11  Drone  
  46  4:15  Drone x3  
  50  4:18  Zergling x6  
  50  4:22  Overlord  
  53  4:27  Drone  
  53  4:30  Drone  
  55  4:37  Overlord  
  55  4:40  Queen  
  55  4:41  Queen  
  59  4:47  Drone x2  
  59  4:48  Overlord  
  59  4:49  Drone x3  
  64  4:54  Drone x2  
  64  4:56  Spore Crawler  
  64  4:57  Spore Crawler  
  64  4:58  Zergling x2  
  65  5:04  Drone x2, Spore Crawler  
  66  5:10  Drone x2  
  66  5:13  Spore Crawler  
  67  5:14  Zergling x4  
  67  5:15  Zergling x2  
  70  5:21  Drone x2  
  70  5:23  Lair  
  70  5:24  Overlord  
  70  5:26  Drone  
  73  5:30  Drone  
  73  5:33  Drone x3  
  77  5:37  Overlord  
  77  5:39  Drone x2  
  77  5:42  Drone  
  78  5:45  Queen  
  78  5:46  Drone  
  78  5:48  Drone  
  82  5:51  Drone x3  
  82  5:54  Drone x3  
  82  5:56  Extractor  
  88  5:57  Extractor, Drone  
  88  5:58  Drone  
  88  6:00  Drone  
  89  6:06  Overlord  
  89  6:07  Drone  
  90  6:12  Drone  
  90  6:16  Hatchery  
  90  6:17  Drone x2  
  90  6:18  Drone  
  90  6:19  Drone x2  
  90  6:21  Drone  
  90  6:24  Drone x2  
  95  6:27  Drone x2  
  95  6:28  Overlord  
  95  6:30  Drone  
  95  6:32  Queen  
  100  6:36  Extractor  
  100  6:37  Spire  
  100  6:39  Drone  
  101  6:40  Drone x2  
  101  6:42  Extractor x2  
  101  6:43  Zergling x2  
  101  6:44  Zergling x6  
  101  6:46  Zergling x4  
  103  6:48  Drone  
  103  6:49  Drone  
  103  6:52  Drone  
  105  6:56  Zergling x6  
  105  6:59  Zergling x2  
  109  7:02  Zergling x8, Evolution Chamber  
  109  7:03  Evolution Chamber  
  109  7:05  Overlord  
  111  7:10  Zergling x2  
  111  7:11  Zergling x2  
  111  7:14  Zergling x4  
  115  7:16  Overlord  
  115  7:17  Baneling Nest  
  115  7:19  Overlord  
  114  7:25  Zergling x6  
  114  7:28  Overlord  
  116  7:42  Mutalisk x5  
  126  7:44  Hatchery  
  126  7:49  Zergling x2  
  126  7:50  Zergling x14  
  133  7:51  Hatchery  
  133  7:54  Zerg Ground Armor Level 1  
  133  7:55  Zerg Melee Weapons Level 1  
  133  7:58  Zergling x12  
  138  8:00  Overlord  
  138  8:04  Centrifugal Hooks  
  138  8:05  Zergling x4  
  140  8:08  Zergling x4  
  140  8:10  Baneling x4  
  140  8:15  Zergling x2  
  140  8:16  Zergling x4, Overlord  
  140  8:17  Overlord x2  
  143  8:20  Zerg Flyer Weapons Level 1  
  143  8:23  Baneling x2, Overseer  
  143  8:26  Drone x7  
  150  8:31  Overlord  
  150  8:33  Baneling x5  
  150  8:34  Drone  
  150  8:35  Drone  
  150  8:38  Drone  
  148  8:46  Mutalisk x2  
  148  8:48  Drone x4  
  152  8:51  Mutalisk  
  152  8:52  Zergling x2  
  152  8:53  Zergling x6  
  159  9:00  Mutalisk, Zergling x2  
  159  9:01  Zergling x8  
  166  9:11  Overlord  
  166  9:16  Mutalisk x2, Zergling x2  
  178  9:17  Zergling x16  
  178  9:21  Extractor, Pneumatized Carapace  
  178  9:23  Drone x5  
  183  9:24  Drone x3  
  183  9:25  Overlord  
  183  9:27  Baneling x4  
  183  9:30  Zergling x12  
  192  9:33  Baneling x3  
  192  9:34  Baneling  
  192  9:35  Overlord  
  192  9:51  Mutalisk x2  
  193  9:58  Zergling x10  
  193  9:59  Zergling x4  
  199  10:05  Overseer  
  199  10:06  Baneling x5  
  199  10:13  Extractor  
  199  10:14  Zerg Ground Armor Level 2  
  198  10:29  Zergling x2  
  197  10:35  Baneling  
  197  10:36  Overseer, Baneling  
  190  10:43  Overlord x4  
  190  10:44  Overlord  
  190  10:46  Overlord  
  181  10:51  Overlord  
  153  10:59  Mutalisk x8  
  157  11:05  Zergling x50  
  157  11:10  Zergling x12  
  188  11:11  Zerg Melee Weapons Level 2  
  188  11:14  Hatchery  
  187  11:19  Mutalisk x2  
  187  11:21  Zergling x2  
  187  11:22  Zergling x8  
  187  11:23  Overseer x2  
  196  11:27  Baneling  
  196  11:28  Baneling x5  
  196  11:31  Overseer  
  196  11:34  Spore Crawler  
  196  11:38  Zerg Flyer Weapons Level 2  
  196  11:39  Spore Crawler  
  192  11:40  Zergling x14  
  192  11:44  Hatchery  
  197  11:58  Baneling  
  197  11:59  Baneling x5  
  190  12:05  Zergling x2  
  190  12:06  Zergling x36  
  198  12:08  Baneling x4  
  198  12:10  Mutalisk  
  198  12:11  Mutalisk x2  
  181  12:16  Zergling x14  
  181  12:17  Zergling x6  
  181  12:21  Mutalisk x2  
  181  12:22  Zergling x4  
  188  12:27  Mutalisk  
  188  12:28  Mutalisk, Zergling x2  
  191  12:36  Zergling x16  
  199  12:43  Zergling x10  
  200  12:51  Zergling x6  
  195  12:52  Overlord  
  195  12:54  Mutalisk x4  
  195  12:55  Mutalisk  
  178  13:01  Drone  
  178  13:02  Drone x5  
  178  13:03  Mutalisk x2, Zergling x4  
  178  13:04  Zergling x10  
  193  13:10  Mutalisk, Zergling x4  
  193  13:11  Zergling x4  
  198  13:15  Baneling x10  
  194  13:28  Baneling x6  
  194  13:30  Zergling x10  
  199  13:39  Baneling x7  
  196  13:44  Zergling x2  
  196  13:45  Zergling x14  
  199  13:50  Zergling x4  
Tags
 
Add a new tag
Caveats
  • Supply blocks, unpowered buildings, or Contaminate may cause inaccurate times.
  • Supply counts are checked every 10 seconds.